 Dungeon Crawl Stone Soup version 0.17-a0-1404-gb8113a6 (webtiles) character file.

194 Geeful the Insei (level 5, -5/34 HPs)
             Began as an Octopode Transmuter on June 21, 2015.
             Shot with an arrow by a centaur (11 damage)
             ... on level 6 of the Dungeon.
             The game lasted 00:18:32 (4165 turns).

Geeful the Insei (Octopode Transmuter)              Turns: 4165, Time: 00:18:32

Health: -5/34      AC:  1    Str: 10    XL:     5   Next: 73%
Magic:  8/8        EV: 12    Int: 15    God:
Gold:   146        SH:  0    Dex: 13    Spells: 2 memorised, 6 levels left

rFire  . . .     SeeInvis .       - Unarmed
rCold  . . .     Clarity  .     (no shield)
rNeg   + . .     SustAt   .     (helmet restricted)
rPois  .         Gourm    .     (no amulet)
rElec  .         Spirit   .     f - ring of positive energy
rCorr  .         Warding  .     (no ring)
rMut   .         Stasis   .     (no ring)
MR     .....                    (no ring)
Stlth  ++........               (no ring)
                                (no ring)
                                (no ring)
                                (no ring)

@: drained, not resistant to hostile enchantments, unstealthy
A: almost no armour, amphibious, 8 rings, constrict 8, camouflage 1, gelatinous
body 1
a: no special abilities


You were on level 6 of the Dungeon.
You were not hungry.

You visited 1 branch of the dungeon, and saw 5 of its levels.

You collected 146 gold pieces.

Inventory:

Hand weapons
 b - a +0 blowgun
Missiles
 a - 33 arrows
 k - 11 curare-tipped needles
 o - 8 poisoned needles
Jewellery
 f - a ring of positive energy (left tentacle)
Scrolls
 d - a scroll of remove curse
 e - 3 scrolls of teleportation {unknown}
 g - 2 scrolls of magic mapping {unknown}
 j - a scroll of blinking {unknown}
 l - a scroll of noise {unknown}
 m - a scroll of amnesia {unknown}
 p - 4 scrolls of identify {unknown}
Books
 n - a book of Changes

   Spells                             Type                      Level
   a - Beastly Appendage              Transmutation                1
   b - Sticks to Snakes               Transmutation                2
   c - Spider Form                    Transmutation/Poison         3
   d - Ice Form                       Ice/Transmutation            4
   e - Blade Hands                    Transmutation                5
Comestibles
 c - 2 bread rations
 h - a chunk of flesh
 i - a slice of pizza


   Skills:
 - Level 2.2 Fighting
 - Level 2.6(2.5) Dodging
 + Level 4.9 Unarmed Combat
 - Level 2.5 Spellcasting
 - Level 2.4 Transmutations


You had 6 spell levels left.
You knew the following spells:

 Your Spells              Type           Power        Failure   Level  Hunger
a - Beastly Appendage     Trmt           #.....       10%         1    #......
b - Sticks to Snakes      Trmt           #.........   12%         2    ###....


Dungeon Overview and Level Annotations

Branches:
Dungeon (6/15)
 Temple: D:4-7

Altars:
Vehumet


Innate Abilities, Weirdness & Mutations

You cannot wear most types of armour.
You are amphibious.
You can wear up to eight rings at the same time.
You can use your tentacles to constrict eight enemies at once.
Your skin changes colour to match your surroundings (Stealth).
Your rubbery body absorbs attacks (AC +1).


Message History

Found 10 sling bullets of frost.
A centaur comes into view.
The centaur wields a shortbow.
The centaur shoots an arrow.
The arrow hits you!
You see here an arrow.
As you open the door, it creaks loudly!
The centaur shoots an arrow.
The arrow hits you!!
Ouch! That really hurt!
* * * LOW HITPOINT WARNING * * *
Found a radiant altar of Vehumet.
The centaur shoots an arrow.
The arrow hits you.
* * * LOW HITPOINT WARNING * * *
There is an open door here.
You see here an arrow.
There's nothing to close nearby.
The centaur shoots an arrow.
The arrow misses you.
There is a radiant altar of Vehumet here.
You see here an arrow.
There's something blocking the doorway.
You open the door.
The centaur shoots an arrow.
The arrow hits you!
You die...

#.# #.# .## #.# ###.#
... #.# #...# ..
#.###c#.##.#
#..c.......#
#..###.###.# #..# #(#
... ##..###(###...#
#(>..?'@###...#
c.........###+###.###
########..# ...# #...
#.... #.#### .#


You could see a centaur.

Vanquished Creatures
  2 orc wizards
  A worker ant (D:3)
  3 adders
  A worm (D:3)
  5 giant geckos
  7 orcs
  4 ball pythons
  9 bats
  5 giant cockroaches
  8 hobgoblins
  7 kobolds
  2 quokkas
  A giant newt (D:2)
  12 goblins
  5 rats
72 creatures vanquished.

Notes
Turn   | Place    | Note
--------------------------------------------------------------
     0 | D:1      | Geeful the Octopode Transmuter began the quest for the Orb.
     0 | D:1      | Reached XP level 1. HP: 13/13 MP: 3/3
   221 | D:1      | Reached XP level 2. HP: 12/18 MP: 3/5
  1055 | D:2      | Reached XP level 3. HP: 21/23 MP: 6/6
  2158 | D:3      | Reached XP level 4. HP: 14/29 MP: 7/7
  2702 | D:3      | Learned a level 2 spell: Sticks to Snakes
  2865 | D:3      | Reached skill level 4 in Unarmed Combat
  2865 | D:3      | Reached XP level 5. HP: 23/34 MP: 6/8
  4139 | D:4      | You fall through a shaft for 2 floors!
  4153 | D:6      | Noticed a centaur
  4162 | D:6      | Found a radiant altar of Vehumet.
  4165 | D:6      | Shot with an arrow by a centaur

Vault maps used:
D:1:      eino_arrival_water_cross
D:2:      first_bread
D:4:      minmay_temple_entry_junction2, minmay_hedge_maze
D:6:      lemuel_doored_altar, kennysheep_mini_moat, led_sif_book, uniq_grinder

Action                   |  1- 3 |  4- 6 || total
-------------------------+-------+-------++-------
Melee: Unarmed           |    91 |    88 ||   179
 Cast: Beastly Appendage |    11 |    14 ||    25
       Sticks to Snakes  |       |     1 ||     1
  Use: Scroll            |     1 |       ||     1
       Potion            |     2 |     1 ||     3
 Stab: Sleeping          |    11 |       ||    11
  Eat: Chunk             |     3 |     6 ||     9
       Pizza             |       |     1 ||     1
